[Event "15th Arad Open 2022"]
[Site "Arad"]
[Date "2022.08.11"]
[Round "5.7"]
[White "Magold, Filip"]
[Black "Matasaru, Stephanie"]
[Result "1-0"]
[ECO "B55"]
[WhiteElo "2247"]
[BlackElo "1885"]
[Annotator "TA"]
[PlyCount "55"]
[EventDate "2022.08.08"]
[EventType "swiss"]
[EventCountry "ROU"]
[SourceTitle "playchess.com"]
[Source "ChessBase"]
[SourceQuality "1"]
[TimeControl "5400+30"]

1. e4 c5 2. Nf3 d6 3. d4 cxd4 4. Nxd4 Nf6 5. f3 g6 6. c4 Bg7 {[%emt 0:00:45] B55: Sicilian: 2...d6 3 d4 cxd4 4 Nxd4 Nf6 5 f3.} 7. Nc3 h5 8. Be3 Nc6 {[%emt 0:00:58] White is better.} 9. Be2 O-O 10. O-O Bd7 11. Qd2 {[%emt 0:03:18] White is more active.} Ne5 12. Rac1 a6 {[%emt 0:04:02] [#]} 13. b4 $146 (13. Rfd1 $16) ({Predecessor:} 13. Nd5 Nc6 14. Nb3 Be6 15. Bb6 Qd7 16. Bf2 Rad8 17. Rfd1 Kh7 18. Qe1 Ne5 19. Bb6 {0-1 (44) Froeberg,H (2504)-Francia Martinez,S (2000) ICCF email 2002}) 13... Rc8 $14 14. Nd5 Nxd5 15. exd5 {[%emt 0:00:18] h3 is the strong threat.} e6 16. f4 {[%emt 0:01:29] [#] Strongly threatening dxe6.} Ng4 17. Bxg4 hxg4 18. dxe6 fxe6 19. Nb3 $36 {[%emt 0:03:15][%mdl 2048] White has the initiative.} Bc6 20. Qe2 Be4 21. Qxg4 Bf5 22. Qe2 Qh4 {[%emt 0:01:55] Prevents g4.} 23. Nd4 Bxd4 (23... Qf6 $16 {was necessary.}) 24. Bxd4 $18 Rf7 25. Ba1 Rh7 26. h3 Rcc7 (26... Rd8 $142 27. Rf3 Kf8) 27. Rc3 Qe7 (27... b6 $142 28. g4 Bxg4 29. Qxg4 Qxg4+ 30. hxg4 Rh4) 28. g4 {[%emt 1:01:43] Weighted Error Value: White=0.07 (flawless) /Black=0.25 (precise)} 1-0

[Event "15th Arad Open 2022"]
[Site "Arad"]
[Date "2022.08.11"]
[Round "5.8"]
[White "Butolo, Alexandru-Mircea"]
[Black "Padurean, Daniel-Cristian"]
[Result "0-1"]
[ECO "C02"]
[WhiteElo "1863"]
[BlackElo "2126"]
[Annotator "TA"]
[PlyCount "90"]
[EventDate "2022.08.08"]
[EventType "swiss"]
[EventCountry "ROU"]
[SourceTitle "playchess.com"]
[Source "ChessBase"]
[SourceQuality "1"]
[TimeControl "5400+30"]

1. e4 Nc6 2. Nf3 e6 3. d4 d5 4. e5 f6 5. Bd3 Nb4 6. Be2 {[%emt 0:02:01] C02: French: Advance Variation.} c5 7. c3 Nc6 8. exf6 {[%emt 0:08:14] White has an edge.} Nxf6 9. O-O Bd6 10. Bg5 O-O {[%emt 0:00:52] [#]} 11. Na3 $146 ({Predecessor:} 11. Bh4 Qb6 12. Qb3 Ne4 13. dxc5 Qxc5 14. Nbd2 Nf6 15. c4 Kh8 16. cxd5 exd5 17. Rac1 Qa5 18. a3 Bf4 19. Rcd1 Qc5 20. Qb5 Qd6 21. Nb1 Be6 22. Nc3 a6 {½-½ (22) Casper,T (2400)-Seuffert,G (2305) Germany 2004}) 11... Qb6 12. Nb5 Bb8 13. dxc5 Qxc5 14. Be3 Qe7 15. c4 $1 Kh8 (15... a6 $5 16. Nc3 Rd8 17. cxd5 exd5 $11) 16. Qb3 ({White should play} 16. Rc1 $14) 16... a6 $1 $11 17. cxd5 exd5 18. Nbd4 Ng4 19. Nxc6 bxc6 20. Rfc1 {[%emt 0:03:51] White is on the road to losing.} Bd7 21. h3 Nxe3 22. Qxe3 Qxe3 23. fxe3 Ba7 24. Kh1 (24. Nd4 $142) 24... Bxe3 $17 25. Rc3 Rfe8 26. Bf1 a5 27. Rd1 Rab8 28. b3 g6 29. Nd4 Bxd4 30. Rxd4 Rb4 31. Rxb4 (31. Rd2 $17 {is a better defense.}) 31... axb4 {[%emt 0:00:06][%mdl 4096] Endgame KRB-KRB} 32. Rf3 Kg7 {[%emt 0:00:31] [#] White must now prevent ...Rf8.} 33. Kh2 $2 (33. Bd3) 33... Rf8 $19 34. Rxf8 Kxf8 {[%emt 0:00:03] KB-KB} 35. Kg3 Ke7 36. Kf4 Kf6 37. h4 h6 38. Ba6 g5+ 39. hxg5+ hxg5+ 40. Ke3 Ke5 {[%emt 0:00:00] [#] ( -> ...c5)} 41. g3 Bf5 {[%emt 0:00:00] Black mates.} 42. Bb7 c5 43. Bc6 Bb1 44. Kd2 Bxa2 45. Kc2 c4 {[%emt 0:00:00] Weighted Error Value: White=0.71/Black=0.04 (flawless)} 0-1

[Event "15th Arad Open 2022"]
[Site "Arad"]
[Date "2022.08.11"]
[Round "5.9"]
[White "Ionescu, Irina"]
[Black "Tablan, Matei-Christian"]
[Result "0-1"]
[ECO "B20"]
[WhiteElo "2125"]
[BlackElo "1928"]
[Annotator "TA"]
[PlyCount "78"]
[EventDate "2022.08.08"]
[EventType "swiss"]
[EventCountry "ROU"]
[SourceTitle "playchess.com"]
[Source "ChessBase"]
[SourceQuality "1"]
[TimeControl "5400+30"]

1. e4 c5 2. Nf3 e6 3. g3 Nc6 4. Bg2 Nge7 5. O-O g6 6. d4 cxd4 7. Nxd4 {[%emt 0:00:06] Strongly threatening Nb5.} a6 {[%emt 0:00:48] Against Nb5. B20: Sicilian: Unusual White 2nd moves.} 8. Bg5 {[%emt 0:03:17] Hoping for Nxc6.} Bg7 $1 9. Nxc6 bxc6 {[%emt 0:00:37] [#] White is slightly better.} 10. Na3 $146 ({Predecessor:} 10. Nc3 O-O 11. Qd6 Re8 12. Rad1 f6 13. Be3 Bf8 14. Qf4 Kf7 15. Bd4 Bg7 16. Bxf6 Bxf6 {1-0 (29) Dragnev,V (2458)-Johansson,G (2226) Stockholm 2017}) 10... h6 11. Be3 d5 12. Bd4 O-O 13. Bxg7 Kxg7 14. Qd4+ Kh7 15. Rad1 Bb7 16. c4 Qa5 17. c5 (17. Nc2 $16) 17... Qc7 18. f4 f5 19. exd5 exd5 20. Rfe1 Ng8 21. Re6 Rae8 22. Rde1 (22. Rd6 $14) 22... Nf6 {[%emt 0:02:06] [#]} 23. Rxe8 $1 $16 Rxe8 24. Rxe8 Nxe8 25. Qe3 Ng7 (25... Nf6 $11) 26. Nc2 Bc8 27. b4 Ne6 28. Nd4 Nxd4 29. Qxd4 $14 {[%emt 0:00:05][%mdl 4096] Endgame KQB-KQB} a5 $1 30. b5 cxb5 31. Qxd5 (31. Bxd5 {seems wilder.} g5 32. fxg5 hxg5 33. Kf2) 31... Qg7 (31... b4 $11 {remains equal.}) 32. h3 (32. Qe5 $16) 32... b4 33. Qc4 ({Only move:} 33. Kh2 $1 $14) 33... Qc3 $36 {[%emt 0:00:43][%mdl 2048] Black is pushing.} 34. Qf7+ Qg7 35. Bd5 Qxf7 36. Bxf7 Kg7 37. Be8 {[%emt 0:01:45][%mdl 8192] [#]} (37. Bb3 $1 $11 {and White is okay.}) 37... Kf6 38. Kf2 Be6 39. c6 $2 (39. Ke3 Bxa2 40. Kd3) 39... Ke7 $2 {[%emt 0:00:30] Weighted Error Value: White=0.65/Black=0.24 (precise)} (39... a4 40. Bd7 Bxd7 41. cxd7 Ke7) 0-1

[Event "15th Arad Open 2022"]
[Site "Arad"]
[Date "2022.08.11"]
[Round "5.10"]
[White "Kazarian, Anna-Maja"]
[Black "Panc, Samuel"]
[Result "1-0"]
[ECO "B30"]
[WhiteElo "2139"]
[BlackElo "1927"]
[Annotator "TA"]
[PlyCount "49"]
[EventDate "2022.08.08"]
[EventType "swiss"]
[EventCountry "ROU"]
[SourceTitle "playchess.com"]
[Source "ChessBase"]
[SourceQuality "1"]
[TimeControl "5400+30"]

1. e4 c5 2. Nc3 Nc6 3. Bb5 Nd4 4. Bc4 e6 5. Nf3 a6 6. Nxd4 {[%emt 0:01:32] B30: Sicilian: 2...Nc6 3 Bb5, lines without ...g6.} cxd4 7. Ne2 b5 {[%emt 0:02:31] 7...b5 has become a bit dusty these days.} 8. Bb3 {[%emt 0:00:16] The position is equal.} Bc5 9. d3 Bb7 10. O-O Nf6 11. Bg5 h6 12. Bh4 g5 13. Bg3 d6 {[%emt 0:01:31] [#] Prevents Be5.} 14. h3 $146 ({Predecessor:} 14. f4 Ng4 15. Qe1 Ne3 16. Rf3 f5 17. Bxe6 fxe4 18. Rxe3 dxe3 19. Qc3 Rf8 20. d4 {1-0 (36) Vlachos,A (2156)-Serpetsidakis,N (1983) Porto Rio 2016}) 14... Rg8 15. f4 gxf4 16. Bh4 {[%emt 0:06:24] [#]} (16. Rxf4 Nxe4 $1 17. dxe4 (17. Rxe4 $2 Bxe4 18. dxe4 d3+ 19. Kh2 dxe2 $19) 17... d3+ 18. Kh2 dxe2 $11) ({White should play} 16. Bxf4 $14 Nxe4 17. dxe4 d3+ 18. Kh1 dxe2 19. Qxe2) 16... Bxe4 $2 (16... Nxe4 $1 $11 17. Rxf4 (17. Bxd8 Nc3 $17) 17... Ng5) 17. dxe4 $2 (17. Nxf4 $18 {and the rest is easy.} Bc6 18. Rf2) 17... d3+ $16 18. Kh1 dxe2 19. Qxe2 Be3 (19... e5 $16 {was worth a try.}) 20. Bxf6 $18 Qxf6 21. Qxe3 $1 {[%emt 0:00:05][%mdl 64] Pin} Rxg2 22. Qxf4 ({Less strong is} 22. Qb6 f3 23. Rf2 (23. Qxd6 Rd8 $11) (23. Qc6+ Kf8 $16) 23... Rxf2 24. Qxf2 Qxb2 $16) 22... Qxf4 23. Rxf4 Re2 24. Raf1 {[%emt 0:01:56][%cal Ob3e6] Bxe6! is the strong threat.} Ra7 {[%emt 0:00:42] [#]} 25. Bxe6 $1 {[%emt 0:00:56][%mdl 512] Weighted Error Value: White=0.44/Black=0.71} 1-0

[Event "15th Arad Open 2022"]
[Site "Arad"]
[Date "2022.08.11"]
[Round "5.11"]
[White "Chima, Radu-Niculin"]
[Black "Herczeg, Marcell"]
[Result "1/2-1/2"]
[ECO "B48"]
[WhiteElo "2005"]
[BlackElo "2044"]
[Annotator "TA"]
[PlyCount "82"]
[EventDate "2022.08.08"]
[EventType "swiss"]
[EventCountry "ROU"]
[SourceTitle "playchess.com"]
[Source "ChessBase"]
[SourceQuality "1"]
[TimeControl "5400+30"]

1. e4 c5 2. Nf3 e6 3. d4 cxd4 4. Nxd4 Nc6 5. Nc3 Qc7 6. Be3 a6 7. Bd3 {[%emt 0:06:14] 7.g4 gains popularity.} Nf6 8. O-O b5 9. h3 {[%emt 0:04:18] B48: Sicilian: Taimanov: 5 Nc3 Qc7 6 Be3 a6 without Be2.} Bb7 10. Nxc6 {[%emt 0:03:03] [#]} Qxc6 $146 ({Predecessor:} 10... Bxc6 11. f3 b4 12. Ne2 d5 13. exd5 Nxd5 14. Bf2 Nf4 15. Nxf4 Qxf4 16. Qc1 Qxc1 17. Raxc1 {0-1 (75) Montoro,A (2224)-Wyss,T (2271) Switzerland 2004}) 11. f3 {[%emt 0:02:13] The position is equal.} Bc5 12. Qe1 Qb6 13. Bxc5 Qxc5+ 14. Kh1 d6 15. a4 b4 16. Na2 a5 17. c3 bxc3 18. Nxc3 O-O 19. Rc1 Qb4 20. Qe2 (20. Nb5 $14) 20... d5 21. exd5 Nxd5 {[%emt 0:00:30] aiming for ...Nf4.} 22. Nxd5 Bxd5 23. Bb5 Rfc8 24. Rfe1 Qf4 25. Rcd1 Bb3 26. Qd2 Qxd2 27. Rxd2 Bc4 28. Re5 Bd5 29. Rd4 Rc1+ 30. Kh2 Rb1 31. Bc4 Bxc4 32. Rxc4 {[%emt 0:00:05][%cal Oe5a5] And now Rxa5! would win.} Rxb2 {[%emt 0:00:16] [#]} 33. Rxa5 $1 $11 {[%emt 0:01:05][%mdl 4096] Endgame KRR-KRR} Rbb8 {[%emt 0:00:34] [#]} 34. Rb4 $1 g6 (34... Rc8 35. Rc4) 35. Rxb8+ Rxb8 {[%emt 0:00:05] KR-KR} 36. Kg3 Rb2 37. Ra8+ Kg7 38. a5 Kf6 39. a6 Ra2 40. a7 h5 41. Kh2 (41. Kf4 $11) 41... Ra3 {[%emt 0:00:30] Weighted Error Value: White=0.13 (very precise) /Black=0.09 (flawless)} (41... Kg5 $17) 1/2-1/2

[Event "15th Arad Open 2022"]
[Site "Arad"]
[Date "2022.08.11"]
[Round "5.12"]
[White "Pauwels, Xander"]
[Black "Dinca, Ovidiu"]
[Result "1-0"]
[ECO "D11"]
[WhiteElo "2040"]
[BlackElo "1831"]
[Annotator "TA"]
[PlyCount "93"]
[EventDate "2022.08.08"]
[EventType "swiss"]
[EventCountry "ROU"]
[SourceTitle "playchess.com"]
[Source "ChessBase"]
[SourceQuality "1"]
[TimeControl "5400+30"]

1. d4 d5 2. c4 c6 3. Nf3 Nf6 4. g3 Bf5 5. Bg2 Bxb1 (5... e6 $11) 6. Rxb1 $14 {[%emt 0:00:06] D11: Slav Defence: 3 Nf3 sidelines and 3...Nf6 4 e3 Bg4.} Qa5+ 7. Bd2 Qxa2 8. c5 ({White should try} 8. Ra1 Qxb2 9. O-O) 8... b5 {[%emt 0:09:09] [#]} 9. O-O $146 {[%emt 0:11:05][%mdl 1024] Threatens to win with Ra1. White has strong compensation.} ({Predecessor:} 9. Ra1 Qxb2 10. Rb1 Qa2 11. Ra1 Qb2 12. Rb1 Qa2 13. Ra1 Qb2 14. Rb1 {½-½ (14) Machan,J (2078)-Melzer,P (2135) Czech Republic 2012}) 9... Qa6 10. Qc2 e6 11. b4 Qb7 12. Ne5 Nbd7 13. Nd3 {[%emt 0:07:59] White is much more active. The black rooks are badly placed.} Be7 14. Ra1 O-O 15. Ra3 a6 16. Rfa1 Ra7 17. h3 (17. f3 $16) 17... Rfa8 18. f4 Qc7 (18... Ne4 $11) 19. Nf2 g6 20. Qd3 Bf8 21. g4 Bg7 22. e3 h6 23. Bf3 Kf8 24. Kg2 Ke7 (24... Ng8 $11 {keeps the balance.}) 25. Re1 {[%emt 0:03:03] White stays focused until the end.} (25. e4 $16) 25... Kd8 (25... Kf8 $14) 26. e4 $16 Kc8 (26... a5 $16) 27. e5 Nh7 28. f5 gxf5 (28... Ng5 $142 29. f6 (29. fxg6 Nxf3 30. Kxf3 Nf8 $16) 29... Nxf3 30. Qxf3 (30. fxg7 Nxe1+ 31. Bxe1 Qd8 $11) 30... Bf8) 29. gxf5 $18 Ng5 (29... Nhf8 {might work better.} 30. Bg4 Kb7) 30. Bg4 Kb7 {[%emt 0:00:59] [#]} 31. h4 $1 Ne4 32. Nxe4 dxe4 33. Qxe4 exf5 34. Bxf5 Nf8 35. d5 Re8 (35... cxd5 $142 36. Qxd5+ Qc6) 36. dxc6+ Qxc6 37. Qxc6+ Kxc6 38. Be4+ {[%emt 0:01:16] This bishop pair is nice.} Kc7 39. Rf3 (39. Rea1 $18) 39... Kd8 (39... Kb8 $16 40. Rd3 Ne6) 40. c6 Ng6 $2 (40... Bxe5 41. Bxh6 Ne6 42. Rd3+ Kc7 43. Rd7+ Kb8) 41. Bxg6 fxg6 42. Be3 Rae7 43. Bb6+ Kc8 44. Ra3 Bxe5 45. Rxa6 {[%emt 0:00:00][%cal Oe1e5] [#] Rxe5! would kill now.} Kb8 $2 (45... Bb8 46. Rxe7 Rxe7) 46. Bc5 {[%emt 0:00:00] Intending Rxe5 and mate.} Rf7 47. Bd6+ {[%emt 0:05:46] Weighted Error Value: White=0.28 (precise) /Black=0.44} 1-0

[Event "15th Arad Open 2022"]
[Site "Arad"]
[Date "2022.08.11"]
[Round "5.13"]
[White "Capragiu, Matei-Stefan"]
[Black "Moerman, Thomas"]
[Result "1/2-1/2"]
[ECO "E48"]
[WhiteElo "1925"]
[BlackElo "2026"]
[Annotator "TA"]
[PlyCount "61"]
[EventDate "2022.08.08"]
[EventType "swiss"]
[EventCountry "ROU"]
[SourceTitle "playchess.com"]
[Source "ChessBase"]
[SourceQuality "1"]
[TimeControl "5400+30"]

1. d4 Nf6 2. c4 e6 3. Nc3 Bb4 4. e3 O-O 5. Bd3 d5 6. Nge2 dxc4 7. Bxc4 c5 8. O-O cxd4 9. exd4 Nc6 10. Bg5 h6 {[%emt 0:25:32] E48: Nimzo-Indian: Rubinstein: 5 Bd3 d5 including 6 Ne2, but excluding 6 a3.} 11. Bh4 Be7 12. a3 Qb6 {[%emt 0:04:31] [#] The position is equal.} 13. Bg3 $146 ({Predecessor:} 13. b4 Rd8 14. Na4 Qc7 15. Rc1 Nxd4 16. Bg3 Qd7 17. Nxd4 Qxd4 18. Qf3 Qe4 19. Be2 {½-½ (40) Lombart,P (2110)-Kolanek,S (2070) LSS email 2020}) 13... Nh5 (13... Qxb2 $2 14. Na4 Qxa1 15. Qxa1 $18) 14. Na4 Qd8 15. Qd3 Nxg3 16. hxg3 Qa5 17. Nac3 Rd8 {[%emt 0:01:05] Strongly threatening ...Ne5.} 18. Ba2 Bf6 19. Rad1 (19. d5 $1 $11 {keeps the balance.}) 19... b6 $2 (19... Nxd4 $1 $17 {keeps the pressure on.} 20. Nxd4 Rxd4) 20. Bb1 $1 $16 Ba6 (20... Qf5 $16 {was called for.}) 21. Qh7+ $1 $18 Kf8 22. b4 (22. d5 $1 $18 Bxc3 23. Nxc3 Bxf1 24. Kxf1 (24. dxc6 Rxd1 25. Nxd1 Qe1 $11)) 22... Qg5 $14 23. Be4 ({White should try} 23. Rfe1 $1 $16 {[%cal Od4d5] Black must now prevent d5!} Bxe2 24. Nxe2) 23... Bxe2 $2 (23... Rac8 $15 {keeps the upper hand.} 24. d5 Nd4) 24. Nxe2 $18 {[%emt 0:03:58] Dancing on a razor blade.} Rac8 (24... Ne7 $16) 25. d5 $1 exd5 {[%emt 0:04:46] [#]} (25... Ne7 {keeps fighting.}) 26. Bf5 $2 (26. Rxd5 $1 $18 Rxd5 27. Qh8+ Ke7 28. Qxc8) 26... Rb8 $2 (26... g6 $16 27. Bxc8 Rxc8) 27. Nf4 g6 $2 {[%emt 0:02:08] [#]} (27... h5 28. Qh8+ (28. Nxh5 Bb2 $14) (28. Rxd5 Qh6 $14) (28. Nxd5 g6 $14) 28... Ke7 29. Rfe1+ (29. Qxh5 Qxh5 30. Nxh5 Bb2 $11) 29... Be5) 28. Bxg6 $2 Bg7 $1 $14 29. Bb1 {[%emt 0:02:42] White is more active.} Nd4 30. Qd3 Rbc8 31. Rfe1 {[%emt 0:00:35] Weighted Error Value: White=0.86/Black=0.79} 1/2-1/2

[Event "15th Arad Open 2022"]
[Site "Arad"]
[Date "2022.08.11"]
[Round "5.14"]
[White "Veneteanu, Mihai"]
[Black "Balaban-Voia, Alexandru"]
[Result "1-0"]
[ECO "B08"]
[WhiteElo "2025"]
[BlackElo "1869"]
[Annotator "TA"]
[PlyCount "101"]
[EventDate "2022.08.08"]
[EventType "swiss"]
[EventCountry "ROU"]
[SourceTitle "playchess.com"]
[Source "ChessBase"]
[SourceQuality "1"]
[TimeControl "5400+30"]

1. e4 g6 2. d4 Bg7 3. Nf3 d6 4. Be2 Nf6 5. Nc3 c6 6. a4 O-O 7. O-O Qc7 8. Re1 e5 9. h3 Nbd7 10. Bg5 {[%emt 0:01:47] B08: Pirc Defence: Classical System.} Re8 11. Bc4 Nf8 {[%emt 0:12:34] [#]} 12. Bh4 $146 ({Better is} 12. d5 $14) ({Predecessor:} 12. Qd2 Be6 13. Bb3 Bxb3 14. cxb3 Ne6 15. Be3 a5 16. Rac1 exd4 17. Nxd4 Nc5 18. f3 {0-1 (45) Eriksson,K (2085)-Ziegler,A (2318) Gothenburg 2017}) 12... Be6 13. Bf1 Nh5 14. Qd2 f6 (14... h6 $5 ) 15. d5 Bf7 16. Kh2 g5 17. Bg3 Ng6 18. a5 Ne7 19. Bc4 h6 20. Bb3 c5 21. Nb5 Qd8 22. c4 Bg6 23. Bc2 Rf8 24. b4 (24. Kg1 $14) 24... a6 $11 25. Na3 b6 26. Rab1 cxb4 27. Rxb4 bxa5 28. Rb7 {[%emt 0:00:16][%cal Oc4c5] next c5! is good for White.} Rb8 (28... Nc8 $11) 29. Rxb8 {[%emt 0:05:35] 0x0.001b83f637badp-1022s more active pieces.} (29. Ra7 {keeps more tension.} Be8 30. Rxa6 Ra8 31. Rxa8 Qxa8 32. c5) 29... Qxb8 30. Qxa5 (30. c5 {with more complications.} Nxg3 31. fxg3 Qb4 32. cxd6 Nc8 33. Qe3) 30... f5 31. exf5 Bxf5 32. Qxa6 Bxc2 33. Nxc2 Nf5 {[%emt 0:01:19] [#] ...Qb3 is the strong threat.} 34. Ne3 (34. Qa3 $14 {is superior.}) 34... Nhxg3 (34... Nfxg3 {feels hotter.} 35. fxg3 e4 36. Nd2 Nxg3 37. c5 dxc5 38. d6 Be5) 35. fxg3 Nxe3 36. Rxe3 Qb4 {[%emt 0:00:34] [#] Black is now going downhill.} ({Black should play} 36... e4 $1 $14 37. Ne1 (37. Rxe4 Rxf3 38. gxf3 Qb2+ 39. Kg1 Qc1+ 40. Kh2 Qd2+ 41. Kg1 Bd4+ 42. Rxd4 Qxd4+ 43. Kh2 Qf2+ 44. Kh1 Qxf3+ 45. Kh2 Qf2+ 46. Kh1 Qxg3 $11) 37... Re8) 37. Qa2 $1 $16 Qc5 (37... Rb8 $16 38. Nd2 Qb2) 38. Qe2 $18 {[%emt 0:00:34] aiming for Nd2.} Rb8 39. Nd2 Rb2 40. Rb3 Qd4 (40... Rxb3 41. Nxb3 Qc8) 41. Rxb2 Qxb2 {[%emt 0:00:00][%mdl 4096] Endgame KQB-KQN} 42. Qd3 {[%emt 0:00:00] Prevents Qc2.} Qd4 43. Qxd4 exd4 {[%emt 0:00:00] KB-KN} 44. Kg1 Be5 45. Kf2 {[%emt 0:00:00] Strongly threatening g4.} Kf7 (45... h5 $142 46. Kf3 Kg7) 46. g4 Bf4 47. Ke2 Kf6 48. Nf3 Be5 49. Kd3 Kf7 50. c5 Ke7 51. c6 {[%emt 0:00:00] Weighted Error Value: White=0.12 (very precise) /Black=0.57} 1-0

[Event "15th Arad Open 2022"]
[Site "Arad"]
[Date "2022.08.11"]
[Round "5.15"]
[White "Paraschiv, Paul-Alexandru"]
[Black "Tudor, Henry Edward"]
[Result "1-0"]
[ECO "B40"]
[WhiteElo "2181"]
[BlackElo "1984"]
[Annotator "TA"]
[PlyCount "71"]
[EventDate "2022.08.08"]
[EventType "swiss"]
[EventCountry "ROU"]
[SourceTitle "playchess.com"]
[Source "ChessBase"]
[SourceQuality "1"]
[TimeControl "5400+30"]

1. e4 c5 2. b3 e6 3. Nf3 d5 4. exd5 exd5 5. Bb5+ Bd7 6. Bxd7+ {[%emt 0:02:50] B40: Sicilian: 2...e6, Unusual lines.} Qxd7 7. O-O Bd6 {[%emt 0:00:01] [#]} 8. d4 $146 {[%emt 0:00:36] White has an edge.} ({Predecessor:} 8. Bb2 f6 9. Nh4 Ne7 10. Qh5+ g6 11. Qe2 O-O 12. Nc3 Nbc6 13. Rae1 Rae8 14. f4 {½-½ (23) Oral,T (2455)-Movsesian,S (2595) Slovakia 1998}) 8... Ne7 9. dxc5 Bxc5 10. Bb2 O-O 11. Nc3 Nbc6 12. Ne4 Bb6 13. Qd2 f6 14. Rad1 Rad8 15. Ng3 (15. Ba3 {seems wilder.} Qc7 16. Nc3 Ba5 17. Nb5) 15... Qc8 16. a3 Ng6 17. Kh1 Nge5 18. Nh4 g6 19. h3 $1 {[%emt 0:04:11] Prevents Qg4.} d4 20. Qe2 Rfe8 21. Qd2 (21. Ne4 {is interesting.} Kg7 22. Rde1 Qd7 23. f4) 21... d3 22. Ne4 Re6 23. cxd3 {[%emt 0:09:07] f4 is the strong threat.} Nxd3 (23... f5 $11 {and Black is okay.} 24. Ng5 Re7) 24. Nxf6+ $18 Rxf6 25. Bxf6 Nxf2+ 26. Rxf2 Rxd2 27. Rfxd2 {[%emt 0:00:01] And now Rd7 would win.} Qe6 28. Rd6 Qxb3 {[%emt 0:00:29] [#]} 29. Rd7 ({Only move:} 29. Nf3 $1 $18) 29... Bd4 $2 {[%emt 0:03:32][%mdl 8192] [#]} 30. Re1 $1 Be3 {[%emt 0:03:02] [#]} (30... Kf8 31. Bxd4) 31. Bg5 $1 Qe6 (31... Qxa3 32. Rxe3) 32. Rdd1 Qb3 33. Bxe3 Qxa3 34. Bh6 {[%emt 0:00:25] White wants to mate with Nf3.} Ne7 35. Rd8+ Kf7 36. Rf8# {[%emt 0:21:45] Weighted Error Value: White=0.11 (very precise) /Black=0.83} 1-0

[Event "15th Arad Open 2022"]
[Site "Arad"]
[Date "2022.08.11"]
[Round "5.16"]
[White "Vaduva, Ion-Valentin"]
[Black "Tampea, Radu"]
[Result "0-1"]
[ECO "B22"]
[WhiteElo "1497"]
[BlackElo "2093"]
[Annotator "TA"]
[PlyCount "36"]
[EventDate "2022.08.08"]
[EventType "swiss"]
[EventCountry "ROU"]
[SourceTitle "playchess.com"]
[Source "ChessBase"]
[SourceQuality "1"]
[TimeControl "5400+30"]

1. e4 c5 2. c3 d5 3. exd5 Qxd5 4. d4 Nc6 5. Nf3 Bf5 6. Be3 Nf6 {[%emt 0:00:21] B22: Sicilian: 2 c3.} 7. Na3 {[%emt 0:00:50] Strongly threatening Bc4.} cxd4 {[%emt 0:00:55] [#]} 8. Nb5 $1 {[%emt 0:00:16] aiming for Nc7+.} O-O-O {[%emt 0:00:10] Prevents Nc7. The position is equal.} 9. Nbxd4 Ng4 10. Nxf5 Qxf5 11. Qe2 {[%emt 0:00:43] [#]} e6 $146 ({Predecessor:} 11... e5 12. g3 Nxe3 13. Qxe3 Nb4 14. Rc1 Nd3+ 15. Bxd3 Rxd3 16. Qxa7 Qe4+ {0-1 (16) Sousa,H (1938)-Nagy,G (2474) Famalicao 2018}) 12. Nd4 $2 (12. Nh4 $11 {and White is okay.} Qe4 13. Bg5 Qxe2+ 14. Bxe2) 12... Nxd4 $19 13. Bxd4 Rxd4 14. cxd4 (14. f3 $17 {nothing else works.} Rd5 15. fxg4) 14... Bb4+ {[%emt 0:00:06][%mdl 64] [#] Deflection} 15. Kd1 Nxf2+ 16. Kc1 Kb8 17. b3 (17. Qe5+ $19 Qxe5 18. dxe5 Rc8+ 19. Kb1 Nxh1 20. a3) 17... Rc8+ 18. Kb2 Bc3+ {[%emt 0:00:06][%mdl 64] Skewer, Deflection, Double Attack. White got outplayed after the opening.  Weighted Error Value: White=1.08/Black=0.04 (flawless)} 0-1

[Event "15th Arad Open 2022"]
[Site "Arad"]
[Date "2022.08.11"]
[Round "5.17"]
[White "Coicev, Matei-Andrei"]
[Black "Muranyi, Erich"]
[Result "1-0"]
[ECO "C06"]
[WhiteElo "2087"]
[BlackElo "1867"]
[Annotator "TA"]
[PlyCount "55"]
[EventDate "2022.08.08"]
[EventType "swiss"]
[EventCountry "ROU"]
[SourceTitle "playchess.com"]
[Source "ChessBase"]
[SourceQuality "1"]
[TimeControl "5400+30"]

1. e4 e6 2. d4 d5 3. Nd2 Nf6 4. e5 Nfd7 5. Bd3 c5 6. c3 Nc6 7. Ne2 Qb6 8. Nf3 cxd4 9. cxd4 f6 10. exf6 Nxf6 11. O-O Bd6 12. a3 O-O 13. b4 Bd7 {[%emt 0:04:17] C06: French Tarrasch: 3...Nf6 4 e5 Nfd7 5 Bd3 main lines.} (13... e5 $5 14. Qb3 Be6 15. dxe5 Nxe5 $11) 14. Bb2 {[%emt 0:03:37] [#]} Nh5 $146 ({Predecessor:} 14... Rae8 15. Ng3 e5 16. b5 e4 17. bxc6 Bxc6 18. Rb1 exd3 19. Re1 Rxe1+ 20. Nxe1 Ne4 21. Nxd3 Bxg3 22. hxg3 {0-1 (104) Arunakirinathan,A (1509)-Aguilar Samper,V (2002) Tornelo INT 2021}) 15. Ne5 $1 Nxe5 ({Better is} 15... Be8 $14) 16. dxe5 $16 {[%emt 0:00:18] [#] Black must now prevent Bd4.} Be7 17. Bd4 Qd8 18. Rc1 {[%emt 0:01:17] White is more active.} Bg5 19. Rc3 {[%emt 0:02:49] aiming for Qc2.} Rc8 {[%emt 0:05:03] [#] Loses the game.} (19... Nf4 $16) 20. Rxc8 $1 $18 ({Don't take} 20. Bxa7 $6 Rxc3 21. Nxc3 Nf4 $16) 20... Bxc8 21. Qc2 b6 $2 (21... g6 {was worth a try.} 22. Bxa7 Nf4 23. Nxf4 Bxf4) 22. Bxh7+ Kh8 23. Bg6 Nf4 24. Nxf4 Rxf4 (24... Bxf4 {is a better defense.} 25. Qe2 Bh6) 25. Be3 Rc4 26. Qe2 {[%emt 0:02:02] And now Qh5+ would win.} Bxe3 $2 (26... Bh6 $18 27. Bd3 Rc3) 27. fxe3 Rh4 28. Qf2 {[%emt 0:00:08] Weighted Error Value: White=0.17 (very precise) /Black=1.01} 1-0